Cogmind - Beta 13 @@@ ROGUE MODE // 2024.04.21 @ 23:03:39 Player: Briefgarde Result: Self-destructed Performance ------------- Evolutions (5) 2500 Regions Visited (14) 2800 Robots Destroyed (113) 565 Value Destroyed (3055) 3055 Prototype IDs (12) 240 Alien Tech Used (0) 0 Bonus (164) 164 TOTAL SCORE: 9324 Bonus ------- High Alert Combat Kills 97 Follower Combat Kills 85 Aligned with FarCom 300 Friendly Fire -318 Cogmind --------- Core Integrity 163/1000 Matter 30/300 Energy 29/500 System Corruption 15% Temperature Cool (0) Movement Flying (37) Location -5/Factory Parts ------- > --- POWER (2) -------- (None) > --- PROPULSION (5) --- Nuclear Pulse Array Nuclear Pulse Array > --- UTILITY (8) ------ Improved Energy Well Improved Terrain Scan Processor Advanced Trap Extractor (0/8) (fused) > --- WEAPON (2) ------- Katana (fused) > --- INVENTORY (5) ---- Fission Core Micro Fission Core Improved Cesium-ion Thruster Long-range Proton Cannon Long-range Missile Launcher Peak State ------------ > --- POWER ------------ Angular Momentum Engine Fusion Compressor > --- PROPULSION ------- Gravmag System Cooled Airjet Gravmag Array Antigrav System > --- UTILITY ---------- Power Amplifier Improved Heat Sink Large Storage Unit Gravity Neutralizer Improved Sensor Array Improved Signal Interpreter Advanced Terrain Scan Processor Mini Drone Bay > --- WEAPON ----------- Smartbomb Launcher > --- INVENTORY -------- Fission Core Gyrokinetic Inverter Cesium-ion Thruster Cooled Cesium-ion Thruster Nuclear Pulse Array Improved Cryofiber Web Transmission Jammer Advanced ECM Suite Improved System Shield Improved System Shield Heavy Particle Cannon Phase Cannon Minigun [Rating: 84] Favorites ----------- Power Light Nuclear Core Engine Angular Momentum Engine Power Core Light Nuclear Core Propulsion Light Treads Treads Light Treads Leg Carbon-fiber Leg Wheel Compact Wheel Hover Unit Gravmag System Flight Unit VTOL Module Utility Improved Sensor Array Device Improved Sensor Array Storage Small Storage Unit Processor Improved Signal Interpreter Hackware Hacking Suite Protection Light Armor Plating Weapon Advanced Beam Rifle Energy Gun Advanced Beam Rifle Energy Cannon Heavy Particle Cannon Ballistic Gun Minigun Launcher Rocket Launcher Impact Weapon Heavy Mace Slashing Weapon Axe Special Melee Weapon Improved Datajack Build | -11 -10 -10 -9 -9 -9 -8 -8 -7 -6 -6 -6 -5 -5 -5 ------- Run | Yrd Mat Min Mat Min Exi Min Mat Fac Fac Was Fac Fac Was Fac Slots Evolved 10 | . . . 2 . . . 2 2 2 . . 2 . . Power 1 | . . . . . . . . . . . . 1 . . Propulsion 3 | . . . 1 . . . . 1 1 . . . . . Utility 6 | . . . 1 . . . 2 1 1 . . 1 . . Weapon . | . . . . . . . . . . . . . . . Parts Attached 212 | 7 8 1 26 . 6 . 16 70 8 . 22 10 2 36 Power 17 | 1 . . 4 . . . . 6 1 . . 1 1 3 Engine 8 | 1 . . 4 . . . . 1 1 . . . . 1 Core 9 | . . . . . . . . 5 . . . 1 1 2 Reactor . | . . . . . . . . . . . . . . . Propulsion 65 | 2 4 . 8 . . . 10 20 5 . 3 1 . 12 Treads 22 | 1 2 . 7 . . . 7 5 . . . . . . Leg 7 | . . . . . . . . 1 . . . . . 6 Wheel 14 | 1 2 . 1 . . . 3 7 . . . . . . Hover 13 | . . . . . . . . 3 5 . 2 1 . 2 Flight 9 | . . . . . . . . 4 . . 1 . . 4 Utility 81 | 1 1 1 11 . 4 . 3 26 2 . 12 7 . 13 Device 49 | . . 1 4 . 3 . . 13 2 . 9 7 . 10 Storage 11 | 1 1 . 1 . 1 . . 4 . . 2 . . 1 Processor 8 | . . . 1 . . . 1 4 . . 1 . . 1 Hackware 2 | . . . . . . . . 2 . . . . . . Protection 11 | . . . 5 . . . 2 3 . . . . . 1 Artifact . | . . . . . . . . . . . . . . . Weapon 49 | 3 3 . 3 . 2 . 3 18 . . 7 1 1 8 Energy Gun 10 | 2 2 . 2 . 1 . 3 . . . . . . . Energy Cannon 10 | . . . . . . . . 2 . . 2 1 . 5 Ballistic Gun 12 | 1 1 . 1 . 1 . . 7 . . 1 . . . Ballistic Cannon . | . . . . . . . . . . . . . . . Launcher 5 | . . . . . . . . 2 . . 1 . 1 1 Special Weapon . | . . . . . . . . . . . . . . . Impact Weapon 6 | . . . . . . . . 3 . . 3 . . . Slashing Weapon 5 | . . . . . . . . 4 . . . . . 1 Piercing Weapon . | . . . . . . . . . . . . . . . Special Melee Weapon 1 | . . . . . . . . . . . . . . 1 Unidentified Prototypes 12 | . . . 3 . 2 . 1 3 . . 2 . . 1 Parts Lost 30 | . . . 1 . . . . 10 . 1 . . 2 16 Power 4 | . . . . . . . . 1 . . . . . 3 Propulsion 11 | . . . . . . . . 6 . . . . . 5 Utility 11 | . . . 1 . . . . 2 . 1 . . 1 6 Weapon 4 | . . . . . . . . 1 . . . . 1 2 Highest Loss Streak 10 | . . . 1 . . . . 3 . 1 . . 2 10 To Critical Strikes . | . . . . . . . . . . . . . . . Average Slot Usage (%) 90 | . 83 100 98 100 99 100 96 90 84 88 92 92 92 60 Engine 5 | . 14 14 11 11 11 11 9 . . 6 6 5 5 3 Core 2 | . . . . . . . . 6 5 . . 4 5 1 Treads 9 | . 14 14 22 22 22 22 19 4 . . . . . . Wheel 6 | . 13 14 11 11 11 11 7 7 . . . . . . Hover 6 | . . . . . . . . 2 24 33 27 23 23 5 Flight 4 | . . . . . . . . 11 . . . . . 4 Device 15 | . . 14 9 11 11 11 9 15 30 30 29 28 27 17 Storage 6 | . 14 14 11 11 11 11 9 2 . . 4 5 5 3 Processor 7 | . . . 3 . . . 8 11 6 6 8 11 11 4 Hackware 2 | . . . . . . . . 6 . . . . . . Protection 5 | . . . 7 11 11 11 14 4 . . . . . 3 Energy Gun 6 | . 13 14 11 11 11 11 15 3 . . . . . . Energy Cannon 1 | . . . . . . . . . 6 4 5 5 5 2 Ballistic Gun 5 | . 13 14 10 11 10 11 2 4 6 6 . . . . Impact Weapon 1 | . . . . . . . . 1 . . 5 5 3 . Naked Turns 50 | . . . . . . . . 35 . . . . . 15 Heaviest Build 62 | 11 12 13 30 29 39 39 45 45 35 35 47 62 60 52 Greatest Support 78 | 20 40 16 40 10 10 10 60 60 47 47 59 61 60 78 Greatest Overweight (x) 14 | 1 3 . 2 2 3 3 4 4 1 . . 1 . 14 Average Overweight (x) . | . . . 1 2 2 3 2 . . . . . . . Largest Inventory Capacity 20 | 8 8 8 10 10 15 15 15 20 10 5 15 15 15 15 Average Capacity 9 | 7 8 8 8 10 10 15 15 6 5 5 8 15 15 7 Most Carried 15 | 6 8 7 10 10 10 10 15 15 10 5 13 15 15 15 Average Carried 8 | 3 7 7 8 10 9 10 14 6 5 5 7 11 14 7 Final Capacity 15 | 8 8 8 10 10 15 15 15 10 5 5 15 15 15 5 Final Carried 15 | 6 8 7 10 10 10 10 15 10 5 5 12 15 14 5 Class Distribution -------------------- 28% | Scavenger-Mutant 18% | Mutant 16% | Scout 9% | Scavenger-Skirmisher 9% | Hacker-Scout 4% | Assassin 3% | Skirmisher Dominant Class ---------------- Mutant | -10/Materials Scavenger-Mutant | -10/Mines Scavenger-Mutant | -9/Materials Scavenger-Mutant | -9/Mines Scavenger-Mutant | -9/Exiles Scavenger-Mutant | -8/Mines Mutant | -8/Materials Scavenger-Skirmisher | -7/Factory Infiltrator-Scout | -6/Factory Infiltrator-Scout | -6/Waste Scout | -6/Factory Scout | -5/Factory Scout | -5/Waste Mutant | -5/Factory Resources | -11 -10 -10 -9 -9 -9 -8 -8 -7 -6 -6 -6 -5 -5 -5 ----------- Run | Yrd Mat Min Mat Min Exi Min Mat Fac Fac Was Fac Fac Was Fac Matter Collected 3001 | 227 153 . 634 . . . 269 873 . . 540 21 . 284 Remotely 23 | . . . . . . . . . . . 23 . . . Salvage Created 4910 | . 337 . 1476 . . . 895 974 . . 463 21 454 290 Parts 256 | . 21 . 90 . . . 59 50 . . 20 . . 16 Haulers Intercepted 11 | . 1 . 4 . . . 3 3 . . . . . . Recyclers Shooed 4 | . . . 1 . . . 1 2 . . . . . . Parts Field Recycled . | . . . . . . . . . . . . . . . Retrieved Matter . | . . . . . . . . . . . . . . . Parts Self-Destructed . | . . . . . . . . . . . . . . . Prevented . | . . . . . . . . . . . . . . . Kills | -11 -10 -10 -9 -9 -9 -8 -8 -7 -6 -6 -6 -5 -5 -5 ------- Run | Yrd Mat Min Mat Min Exi Min Mat Fac Fac Was Fac Fac Was Fac Combat Hostiles Destroyed 66 | . 6 . 25 . . . 11 12 . . 5 . 2 5 Melee 3 | . . . . . . . . 2 . . 1 . . . Guns 47 | . 6 . 24 . . . 11 6 . . . . . . Cannons 11 | . . . . . . . . 3 . . 4 . . 4 AOE 5 | . . . 1 . . . . 1 . . . . 2 1 Classes Destroyed 17 | . 6 . 6 . . . 3 1 . . . . 1 . Worker 7 | . . . 2 . . . . 4 . . . . . 1 Builder 6 | . . . . . . . 1 3 . . 2 . . . Tunneler 2 | . . . 1 . . . 1 . . . . . . . Hauler 11 | . 1 . 4 . . . 3 3 . . . . . . Recycler 6 | . 1 . 1 . . . 2 1 . . 1 . . . Mechanic 1 | . . . 1 . . . . . . . . . . . Operator 3 | . 1 . 1 . . . . . . . 1 . . . Watcher 9 | . 1 . 3 . . . 1 1 . . 1 1 . 1 Swarmer 15 | . 3 . 4 . . . 3 . . . . . . 5 Grunt 20 | . 3 . 12 . . . 1 4 . . . . . . Brawler 1 | . . . 1 . . . . . . . . . . . Duelist 1 | . . . 1 . . . . . . . . . . . Sentry 15 | . . . 7 . . . 4 3 . . 1 . . . Specialist 2 | . . . . . . . 2 . . . . . . . Hunter 2 | . . . . . . . 1 1 . . . . . . Programmer 8 | . . . . . . . . 4 . . 4 . . . Compactor 2 | . . . . . . . . . . . . . 2 . Thug 2 | . . . . . . . . . . . . . . 2 Best Kill Streak 6 | . 3 . 4 . . . 3 6 . . 2 1 2 5 Combat Bots Only 5 | . 3 . 4 . . . 3 2 . . 1 . 2 5 Max Kills in Single Turn 2 | . 2 . 2 . . . 1 2 . . 1 1 1 1 Gunslinging 1 | . 1 . . . . . . . . . . . . . Exploded 1 | . . . 1 . . . . 1 . . . . 1 1 Melee 1 | . . . . . . . . 1 . . 1 . . . Uniques/NPCs Destroyed . | . . . . . . . . . . . . . . . Combat | -11 -10 -10 -9 -9 -9 -8 -8 -7 -6 -6 -6 -5 -5 -5 -------- Run | Yrd Mat Min Mat Min Exi Min Mat Fac Fac Was Fac Fac Was Fac Hostile Shots Fired 568 | . 24 . 75 . . . 50 237 . 1 30 . 1 150 Missed 166 | . 4 . 17 . . . 11 82 . . 18 . . 34 Damage Taken 5986 | . 247 . 926 . . . 603 1678 . 37 127 . 40 2328 Core 1513 | . 62 . 197 . . . 109 253 . . 55 . . 837 Absorbed by Shields . | . . . . . . . . . . . . . . . Redirected to Shielding 63 | . . . . . . . . . . . . . . 63 Core Remaining (%) 76 | 100 . 75 . . . 50 80 63 . . 93 . . . Volleys Fired 294 | . 35 . 94 . . . 40 75 1 . 11 . 8 30 Largest 2 | . 2 . 2 . . . 2 2 2 . 1 . 2 1 Hottest 128 | . 85 . 88 . . . 122 90 55 . 75 . 128 85 Shots Fired 504 | . 65 . 190 . 1 . 80 108 2 . 11 . 16 31 Gun 414 | . 65 . 190 . 1 . 80 77 1 . . . . . Cannon 73 | . . . . . . . . 23 1 . 11 . 8 30 Launcher 17 | . . . . . . . . 8 . . . . 8 1 Special . | . . . . . . . . . . . . . . . Kinetic 189 | . 30 . 95 . 1 . 8 54 1 . . . . . Thermal 254 | . 35 . 68 . . . 64 46 1 . 11 . 8 21 Explosive 17 | . . . . . . . . 8 . . . . 8 1 Electromagnetic 44 | . . . 27 . . . 8 . . . . . . 9 Robot Hit Streak 17 | . 8 . 16 . . . 12 17 . . 5 . 9 7 Robot Miss Streak 7 | . 2 . 4 . . . 3 2 2 . 1 . 1 7 Penetration Max . | . . . . . . . . . . . . . . . Secondary Targets 1 | . 1 . . . . . . . . . . . . . Max Gunslinging Chain 1 | . 1 . . . . . . . . . . . . . Shots Hit Robots 383 | . 41 . 134 . . . 55 96 . . 14 1 13 29 Core Hits 172 | . 18 . 57 . . . 28 40 . . 6 . 8 15 Critical Kills 1 | . . . . . . . . . . . 1 . . . Critical Parts Destroyed 4 | . 1 . 1 . . . . . . . 2 . . . Critical Strikes 10 | . 2 . 2 . . . 1 . . . 3 . . 2 Burn 3 | . 1 . 1 . . . 1 . . . . . . . Destroy 2 | . 1 . 1 . . . . . . . . . . . Smash 3 | . . . . . . . . . . . 3 . . . Sever 2 | . . . . . . . . . . . . . . 2 Melee Attacks 119 | . . . . . . . . 90 . . 15 1 . 13 Impact 54 | . . . . . . . . 38 . . 15 1 . . Slashing 65 | . . . . . . . . 52 . . . . . 13 Piercing . | . . . . . . . . . . . . . . . Sneak Attacks 18 | . . . . . . . . 8 . . 5 1 . 4 Combat Hostiles 1 | . . . . . . . . . . . 1 . . . Follow-up Attacks . | . . . . . . . . . . . . . . . Damage Inflicted 11438 | . 456 . 2168 . . . 1057 3081 . . 797 64 2702 1113 Guns 4868 | . 456 . 2109 . . . 1057 1246 . . . . . . Cannons 1421 | . . . . . . . . 528 . . 205 . 214 474 Explosions 3141 | . . . 59 . . . . 358 . . . . 2488 236 Melee 2008 | . . . . . . . . 949 . . 592 64 . 403 Ramming . | . . . . . . . . . . . . . . . Kinetic 1826 | . 150 . 813 . . . 62 801 . . . . . . Thermal 3937 | . 306 . 928 . . . 886 973 . . 205 . 214 425 Explosive 3082 | . . . . . . . . 358 . . . . 2488 236 Electromagnetic 585 | . . . 427 . . . 109 . . . . . . 49 Impact 774 | . . . . . . . . 118 . . 592 64 . . Slashing 1234 | . . . . . . . . 831 . . . . . 403 Piercing . | . . . . . . . . . . . . . . . Highest Corruption 15 | . . . 3 3 3 3 . 1 . 8 9 . . 15 Average Corruption 4 | . . . 2 3 3 3 . 1 . 8 8 . . 7 Corruption Purged 1 | . . . . . . . . 1 . . . . . . Corruption Blocked . | . . . . . . . . . . . . . . . Effects 116 | . . . 19 1 3 2 . 9 . . 58 . . 24 Message Errors 29 | . . . 3 . . 1 . 3 . . 16 . . 6 Matter Fused 31 | . . . 8 . . 1 . 3 . . 14 . . 5 Heat Flow Errors 11 | . . . 3 . . . . . . . 8 . . . Energy Discharges 14 | . . . 1 1 1 . . 2 . . 6 . . 3 Parts Rejected 3 | . . . . . . . . . . . . . . 3 Parts Fused 4 | . . . . . . . . . . . 2 . . 2 Data Loss (minor) 15 | . . . 1 . 1 . . 1 . . 9 . . 3 Data Loss (major) 2 | . . . . . . . . . . . 1 . . 1 Misfires 4 | . . . 2 . 1 . . . . . . . . 1 Alerts 3 | . . . 1 . . . . . . . 2 . . . Overload Shots 1 | . . . . . . . . 1 . . . . . . Overflow Damage 669 | . . . . . . . . 131 . . 436 42 . 60 Projectiles 42 | . . . . . . . . 26 . . . . . 16 Explosions . | . . . . . . . . . . . . . . . Melee 627 | . . . . . . . . 105 . . 436 42 . 44 Knockbacks 4 | . . . . . . . . 1 . . 2 1 . . Impact 4 | . . . . . . . . 1 . . 2 1 . . Kinetic . | . . . . . . . . . . . . . . . Secondary . | . . . . . . . . . . . . . . . Self-Inflicted Damage 139 | . . . 41 . . . . . . . . . . 98 Shots 3 | . . . 2 . . . . . . . . . . 1 Rammed . | . . . . . . . . . . . . . . . Targets Rammed . | . . . . . . . . . . . . . . . Kicked . | . . . . . . . . . . . . . . . Crushed . | . . . . . . . . . . . . . . . Highest Temperature 475 | . 291 . 324 . 1 . 25 134 . . 199 . 110 475 Average Temperature 90 | . 76 . 82 . 1 . 13 55 . . 74 . 53 286 Received Heat Transfer 1215 | . 141 . 231 . . . 135 582 . . 18 . . 108 Effects 6 | . . . 1 . . . . . . . . . . 5 Shutdowns 1 | . . . . . . . . . . . . . . 1 Energy Bleed 1 | . . . 1 . . . . . . . . . . . Interference 3 | . . . . . . . . . . . . . . 3 Short Circuit 1 | . . . . . . . . . . . . . . 1 Siege Activations . | . . . . . . . . . . . . . . . Robots Corrupted . | . . . . . . . . . . . . . . . Combat Hostiles . | . . . . . . . . . . . . . . . Parts Fried 16 | . . . 2 . . . . 2 . . 10 2 . . Impact Corruptions 21 | . . . . . . . . 3 . . 16 2 . . Robots Melted . | . . . . . . . . . . . . . . . Combat Hostiles . | . . . . . . . . . . . . . . . Parts Melted 15 | . 2 . 2 . . . 7 4 . . . . . . Heat Transferred 7080 | . 925 . 2109 . . . 1665 1382 . . 259 . 259 481 Parts Sabotaged . | . . . . . . . . . . . . . . . Parts Stolen . | . . . . . . . . . . . . . . . Parts Stripped . | . . . . . . . . . . . . . . . Power Chain Reactions 2 | . . . 2 . . . . . . . . . . . Alert | -11 -10 -10 -9 -9 -9 -8 -8 -7 -6 -6 -6 -5 -5 -5 ------- Run | Yrd Mat Min Mat Min Exi Min Mat Fac Fac Was Fac Fac Was Fac Peak Influence 599 | . 189 5 599 233 . . 156 581 285 129 187 76 140 325 Initial 284 | . . 5 . 233 . . . 30 284 99 83 39 26 84 Average 153 | . 106 4 388 233 . . 64 159 284 115 62 60 54 101 Maximum Alert Level 2 | . . . 2 1 . . . 2 1 . . . . 1 Low Security (%) 65 | 100 100 100 14 . . 100 100 48 . 100 100 100 100 79 Level 1 25 | . . . 33 100 . . . 47 100 . . . . 20 Level 2 9 | . . . 52 . . . . 3 . . . . . . Level 3 . | . . . . . . . . . . . . . . . Level 4 . | . . . . . . . . . . . . . . . Level 5 . | . . . . . . . . . . . . . . . High Security . | . . . . . . . . . . . . . . . Max Security . | . . . . . . . . . . . . . . . Squads Dispatched 25 | . 1 . 3 . . . 2 13 . . 4 . . 2 Investigation 6 | . . . 2 . . . 1 3 . . . . . . Extermination 9 | . . . . . . . . 5 . . 3 . . 1 Reinforcement 10 | . 1 . 1 . . . 1 5 . . 1 . . 1 Assault . | . . . . . . . . . . . . . . . Garrison . | . . . . . . . . . . . . . . . Intercept . | . . . . . . . . . . . . . . . Searches Triggered . | . . . . . . . . . . . . . . . Construction Impeded 2 | . . . . . . . . 2 . . . . . . Haulers Reinforced 1 | . . . . . . . . 1 . . . . . . Active Scanning Responses . | . . . . . . . . . . . . . . . Cargo Convoy Interrupts 1 | . . . . . . . . . . . . . . 1 Stealth | -11 -10 -10 -9 -9 -9 -8 -8 -7 -6 -6 -6 -5 -5 -5 --------- Run | Yrd Mat Min Mat Min Exi Min Mat Fac Fac Was Fac Fac Was Fac Distress Signals 9 | . . . 2 . . . 1 3 . . 1 . . 2 Communications Jammed . | . . . . . . . . . . . . . . . Distress Signals . | . . . . . . . . . . . . . . . Times Spotted 174 | . 16 . 45 . . . 17 60 . 5 10 . 6 15 Peak Tracking Total 11 | . 6 . 6 . . . 3 11 . 5 5 . 6 9 Tactical Retreats 24 | . . . 6 . . . . 13 . . 3 . . 2 Traps | -11 -10 -10 -9 -9 -9 -8 -8 -7 -6 -6 -6 -5 -5 -5 ------- Run | Yrd Mat Min Mat Min Exi Min Mat Fac Fac Was Fac Fac Was Fac Traps Triggered 19 | . 2 . 4 . . . 2 4 1 . . 1 . 5 Indirectly . | . . . . . . . . . . . . . . . Trap Hack Attempts . | . . . . . . . . . . . . . . . Triggered . | . . . . . . . . . . . . . . . Disarmed . | . . . . . . . . . . . . . . . Reprogrammed . | . . . . . . . . . . . . . . . Reused . | . . . . . . . . . . . . . . . Traps Extracted . | . . . . . . . . . . . . . . . Installed . | . . . . . . . . . . . . . . . Triggered 2 | . . . . . . . . . . . . . . 2 Machines | -11 -10 -10 -9 -9 -9 -8 -8 -7 -6 -6 -6 -5 -5 -5 ---------- Run | Yrd Mat Min Mat Min Exi Min Mat Fac Fac Was Fac Fac Was Fac Machines Disabled 10 | . . . 3 . . . 1 4 . . . . . 2 Max in Single Turn 4 | . . . 1 . . . 1 4 . . . . . 1 Machines Repaired . | . . . . . . . . . . . . . . . Machines Dismantled . | . . . . . . . . . . . . . . . Machines Sabotaged . | . . . . . . . . . . . . . . . Overloaded Fab Kills . | . . . . . . . . . . . . . . . Hacking | -11 -10 -10 -9 -9 -9 -8 -8 -7 -6 -6 -6 -5 -5 -5 --------- Run | Yrd Mat Min Mat Min Exi Min Mat Fac Fac Was Fac Fac Was Fac Machines Accessed 23 | . 2 . 4 . . . 4 9 . . 3 . . 1 Terminals 16 | . 2 . 3 . . . 2 6 . . 3 . . . Fabricators 1 | . . . . . . . . 1 . . . . . . Repair Stations 1 | . . . . . . . . 1 . . . . . . Recycling Units 5 | . . . 1 . . . 2 1 . . . . . 1 Scanalyzers . | . . . . . . . . . . . . . . . Garrison Access . | . . . . . . . . . . . . . . . Total Hacks 55 | . 6 . 11 . . . 7 27 . . 3 . . 1 Successful 19 | . 1 . 6 . . . 4 8 . . . . . . Failed 35 | . 5 . 4 . . . 3 19 . . 3 . . 1 Catastrophic 8 | . . . . . . . . 4 . . 3 . . 1 Database Lockouts 1 | . . . 1 . . . . . . . . . . . Manual 41 | . 6 . 10 . 1 . 6 16 . . 2 . . . Terminals 40 | . 6 . 9 . . . 4 18 . . 3 . . . Fabricators 1 | . . . . . . . . 1 . . . . . . Repair Stations 4 | . . . . . . . . 4 . . . . . . Recycling Units 10 | . . . 2 . . . 3 4 . . . . . 1 Scanalyzers . | . . . . . . . . . . . . . . . Garrison Access . | . . . . . . . . . . . . . . . Terminal Hacks 11 | . 1 . 5 . . . 1 4 . . . . . . Robot Analysis 4 | . 1 . 3 . . . . . . . . . . . Unreport Threat 2 | . . . . . . . . 2 . . . . . . Locate Traps 1 | . . . . . . . . 1 . . . . . . Dispatch Records 1 | . . . 1 . . . . . . . . . . . Recall Extermination 1 | . . . . . . . . 1 . . . . . . Hauler Manifests 2 | . . . 1 . . . 1 . . . . . . . Fabricator Hacks 1 | . . . . . . . . 1 . . . . . . Network Status 1 | . . . . . . . . 1 . . . . . . Repair Station Hacks 1 | . . . . . . . . 1 . . . . . . Refit 1 | . . . . . . . . 1 . . . . . . Recycling Unit Hacks 1 | . . . . . . . . 1 . . . . . . Retrieve Matter 1 | . . . . . . . . 1 . . . . . . Scanalyzer . | . . . . . . . . . . . . . . . Garrison Access Hacks . | . . . . . . . . . . . . . . . Unauthorized Hacks 5 | . . . 1 . . . 3 1 . . . . . . Terminals 2 | . . . . . . . 1 1 . . . . . . Operators 2 | . . . . . . . 1 1 . . . . . . Fabricators . | . . . . . . . . . . . . . . . Repair Stations . | . . . . . . . . . . . . . . . Recycling Units 3 | . . . 1 . . . 2 . . . . . . . Reject 3 | . . . 1 . . . 2 . . . . . . . Scanalyzers . | . . . . . . . . . . . . . . . Garrison Access . | . . . . . . . . . . . . . . . Data Cores Recovered 2 | . . . 1 . . . . . . . 1 . . . Used 1 | . . . . . . . . . . . 1 . . . Hacking Detections 17 | . 2 . 1 . . . 3 7 . . 3 . . 1 Full Trace Events 3 | . . . . . . . . 3 . . . . . . Feedback Events . | . . . . . . . . . . . . . . . Feedback Blocked . | . . . . . . . . . . . . . . . Robot Schematics Acquired . | . . . . . . . . . . . . . . . Robots Built . | . . . . . . . . . . . . . . . Authchips . | . . . . . . . . . . . . . . . Time . | . . . . . . . . . . . . . . . Total Robot Build Rating . | . . . . . . . . . . . . . . . Part Schematics Acquired . | . . . . . . . . . . . . . . . Parts Built . | . . . . . . . . . . . . . . . Authchips . | . . . . . . . . . . . . . . . Time . | . . . . . . . . . . . . . . . Total Part Build Rating . | . . . . . . . . . . . . . . . Parts Repaired . | . . . . . . . . . . . . . . . Time . | . . . . . . . . . . . . . . . Parts Recycled . | . . . . . . . . . . . . . . . Recycled Matter . | . . . . . . . . . . . . . . . Retrieved Matter . | . . . . . . . . . . . . . . . Retrieved Components . | . . . . . . . . . . . . . . . Parts Scanalyzed . | . . . . . . . . . . . . . . . Part Schematics Acquired . | . . . . . . . . . . . . . . . Parts Damaged . | . . . . . . . . . . . . . . . Bothacking | -11 -10 -10 -9 -9 -9 -8 -8 -7 -6 -6 -6 -5 -5 -5 ------------ Run | Yrd Mat Min Mat Min Exi Min Mat Fac Fac Was Fac Fac Was Fac Used RIF Installer . | . . . . . . . . . . . . . . . Robots Hacked . | . . . . . . . . . . . . . . . Non-combat . | . . . . . . . . . . . . . . . Combat . | . . . . . . . . . . . . . . . Robot Hacks Applied . | . . . . . . . . . . . . . . . Relay Couplers Released . | . . . . . . . . . . . . . . . Fabnet Peak Effective % . | . . . . . . . . . . . . . . . Robots Rewired . | . . . . . . . . . . . . . . . Allies Hacked . | . . . . . . . . . . . . . . . Hacks Repelled . | . . . . . . . . . . . . . . . Allies | -11 -10 -10 -9 -9 -9 -8 -8 -7 -6 -6 -6 -5 -5 -5 -------- Run | Yrd Mat Min Mat Min Exi Min Mat Fac Fac Was Fac Fac Was Fac Total Allies 6 | . . . . . . . . 3 . . . . . 3 Largest Group 3 | . . . . . . . . 3 . . . . . 3 Highest-Rated Group 93 | . . . . . . . . 93 . . . . . 93 Highest-Rated Ally 31 | . . . . . . . . 31 . . . . . 31 Total Orders 8 | . . . . . . . . . . . . 2 . 6 EXPLORE 5 | . . . . . . . . . . . . 1 . 4 RETURN 3 | . . . . . . . . . . . . 1 . 2 Ally Attacks 22 | . . . . . . . . 20 . . . . . 2 Total Damage 325 | . . . . . . . . 303 . . . . . 22 Kills 2 | . . . . . . . . 2 . . . . . . Allies Corrupted . | . . . . . . . . . . . . . . . Allies Melted . | . . . . . . . . . . . . . . . Intel | -11 -10 -10 -9 -9 -9 -8 -8 -7 -6 -6 -6 -5 -5 -5 ------- Run | Yrd Mat Min Mat Min Exi Min Mat Fac Fac Was Fac Fac Was Fac Robot Analysis Total 4 | . 1 . 3 . . . . . . . . . . . Derelict Logs Recovered . | . . . . . . . . . . . . . . . Drone Launches 9 | . . . . . . . . . . . . 2 . 7 Drone Recoveries 4 | . . . . . . . . . . . . . . 4 Exploration | -11 -10 -10 -9 -9 -9 -8 -8 -7 -6 -6 -6 -5 -5 -5 ------------- Run | Yrd Mat Min Mat Min Exi Min Mat Fac Fac Was Fac Fac Was Fac Turns Passed 12071 | 67 469 402 1880 82 282 109 1602 3961 150 58 1696 152 191 970 Spaces Moved 9302 | 45 259 314 939 69 243 73 638 3329 221 125 1842 182 212 811 Core 318 | 6 2 . . . . . . 231 . . . . . 79 Treads 600 | 16 122 . 215 . . . 161 86 . . . . . . Legs 202 | . . . . . . . . 24 . . . . . 178 Wheels 2853 | 23 135 314 724 69 243 73 477 785 10 . . . . . Hover 3294 | . . . . . . . . 434 211 125 1842 182 212 288 Flight 2035 | . . . . . . . . 1769 . . . . . 266 Fastest Speed 26 | 50 95 100 95 110 110 125 125 26 45 46 46 45 45 45 Average Speed 81 | 112 128 100 129 110 112 125 149 68 48 46 49 48 45 87 Slowest Speed 750 | 160 200 100 240 110 125 125 305 250 110 46 50 102 45 750 Overloaded Moves . | . . . . . . . . . . . . . . . Propulsion Burnouts . | . . . . . . . . . . . . . . . Robots Hopped 3 | . . . . . . . . . . . . . . 3 Cave-ins Triggered . | . . . . . . . . . . . . . . . Exploration Rate (%) 42 | 5 43 60 77 17 60 29 45 66 6 79 39 6 81 25 Regions Visited 14 Branch Regions 4 Pre-discovered Areas 1 | . . 1 . . . . . . . . . . . . Known Exits Taken 2 | . . . . . . . . 1 . . 1 . . . Unknown Exits Taken 8 | 1 1 1 1 1 1 1 1 . . . . . . . Scrap Searched . | . . . . . . . . . . . . . . . Spaces Dug 63 | . . . . . . . . 56 . . 7 . . . Terrain Destroyed 291 | . . . 6 . . . . 141 1 . 7 . 99 37 Melee 63 | . . . . . . . . 56 . . 7 . . . Projectile 7 | . . . . . . . . . 1 . . . . 6 AOE 221 | . . . 6 . . . . 85 . . . . 99 31 Terrain Rammed . | . . . . . . . . . . . . . . . Walls Destroyed . | . . . . . . . . . . . . . . . Machines Disabled . | . . . . . . . . . . . . . . . Actions | -11 -10 -10 -9 -9 -9 -8 -8 -7 -6 -6 -6 -5 -5 -5 --------- Run | Yrd Mat Min Mat Min Exi Min Mat Fac Fac Was Fac Fac Was Fac Total 13129 | 57 337 402 1439 75 253 91 1207 4736 265 124 2600 245 289 1009 Wait 2994 | . 17 88 347 7 . 19 490 1114 27 . 682 35 67 101 Move 9284 | 44 258 313 938 68 242 72 637 3328 221 124 1841 182 211 805 Hop 3 | . . . . . . . . . . . . . . 3 Pick Up 81 | 6 10 . 10 . . . 9 20 1 . 13 5 . 7 Fast Attach 93 | 6 3 . 12 . 3 . 4 25 2 . 8 3 1 26 Attach 49 | . 2 1 2 . 1 . . 18 5 . 5 5 1 9 Detach 12 | . . . . . 1 . . 4 . . 2 2 1 2 Swap 70 | 1 3 . 12 . 2 . 12 27 1 . 9 2 . 1 Drop 124 | . 9 . 24 . 4 . 15 35 7 . 14 4 . 12 Fire 294 | . 35 . 94 . . . 40 75 1 . 11 . 8 30 Melee 119 | . . . . . . . . 90 . . 15 1 . 13 Ram . | . . . . . . . . . . . . . . . Kick . | . . . . . . . . . . . . . . . Crush . | . . . . . . . . . . . . . . . Escape Stasis . | . . . . . . . . . . . . . . . Rewire 6 | . . . . . . . . . . . . 6 . . Trap . | . . . . . . . . . . . . . . . Miscellaneous . | . . . . . . . . . . . . . . . Route ------- -11/Scrapyard -10/Materials (discovered 2 exits: *Mat / [*Min]) -10/Mines -9/Materials (discovered 4 exits: *Mat x2 / [*Min] / [*Sto]) -9/Mines -9/Exiles -8/Mines -8/Materials -7/Factory (discovered 4 exits: *Fac x3 / [*Low]) -6/Factory -6/Waste -6/Factory (discovered 4 exits: *Fac x2 / *Low / [Ext]) -5/Factory -5/Waste -5/Factory History --------- Turn | Location | Event 10 | -11/Scrapyard | Discovered new exit (range 15) 68 | -11/Scrapyard | Entered Materials 171 | -10/Materials | Discovered new exit (range 16) 348 | -10/Materials | Build established: Mutant 510 | -10/Materials | Discovered new exit (range 12) 537 | -10/Materials | Entered Mines 624 | -10/Mines | Discovered new exit (range 8) 696 | -10/Mines | Learned location of Storage (-9) 843 | -10/Mines | Build established: Scavenger-Mutant 939 | -10/Mines | Entered Materials 939 | -9/Materials | Evolved 2 slots: Propulsion x1, Utility x1 1536 | -9/Materials | Discovered new exit (range 9) 1649 | -9/Materials | Discovered new exit (range 11) 1858 | -9/Materials | Central database locked down 1886 | -9/Materials | Discovered new exit (range 10) 2682 | -9/Materials | Discovered new exit (range 16) 2819 | -9/Materials | Entered Mines 2896 | -9/Mines | Deemed a non-threat by the Exiles lab entrance 2897 | -9/Mines | Discovered new exit (range 5) 2901 | -9/Mines | Entered Exiles 2927 | -9/Exiles | Met 8R-AWN 2947 | -9/Exiles | Met EX-HEX 2978 | -9/Exiles | Met EX-BIN 2994 | -9/Exiles | Aligned with FarCom system 2995 | -9/Exiles | Given EX-Vault access code 3020 | -9/Exiles | Opened EX-Vault 3026 | -9/Exiles | Found Prototype Device 3026 | -9/Exiles | Identified Supersonic Drone Bay 3033 | -9/Exiles | Found Prototype Device 3033 | -9/Exiles | Identified Cloak of Protection 3065 | -9/Exiles | Warned to stay clear of 0b10 Research branches 3096 | -9/Exiles | Met EX-DEC 3167 | -9/Exiles | Discovered new exit (range 14) 3183 | -9/Exiles | Left Exiles lab with Cloak of Protection 3183 | -9/Exiles | Entered Mines 3281 | -8/Mines | Discovered new exit (range 8) 3292 | -8/Mines | Entered Materials 3292 | -8/Materials | Evolved 2 slots: Utility x2 4123 | -8/Materials | Build established: Mutant 4850 | -8/Materials | Discovered new exit (range 4) 4894 | -8/Materials | Entered Factory 4894 | -7/Factory | Evolved 2 slots: Propulsion x1, Utility x1 4993 | -7/Factory | Discovered new exit (range 17) 5141 | -7/Factory | Allied Derelicts emerged from ambush trap array 5203 | -7/Factory | Build established: Scavenger-Skirmisher 5503 | -7/Factory | Build established: Hacker-Scout 6267 | -7/Factory | Lost 3 parts (1p1n1u) 6726 | -7/Factory | Discovered new exit (range 12) 6732 | -7/Factory | Released all parts (10) 6932 | -7/Factory | Discovered new exit (range 10) 7092 | -7/Factory | Discovered new exit (range 9) 7198 | -7/Factory | Build established: Assassin 7808 | -7/Factory | Build established: Scavenger-Skirmisher 8852 | -7/Factory | Build established: Skirmisher 8853 | -7/Factory | Identified exit to Factory 8855 | -7/Factory | Entered another Factory area 8855 | -6/Factory | Evolved 2 slots: Propulsion x1, Utility x1 9005 | -6/Factory | Sucked down chute 9005 | -6/Factory | Entered Waste 9010 | -6/Waste | Spotted C-40 Crusher 9017 | -6/Waste | Spotted C-40 Crusher 9020 | -6/Waste | EMP discharged 9029 | -6/Waste | Spotted C-40 Crusher 9031 | -6/Waste | Spotted C-40 Crusher 9032 | -6/Waste | Spotted C-40 Crusher 9039 | -6/Waste | Spotted C-40 Crusher 9049 | -6/Waste | Crushed by Compactor (1 part destroyed, 1 dropped) 9056 | -6/Waste | Discovered new exit (range 13) 9061 | -6/Waste | Identified exit to Factory 9063 | -6/Waste | Entered Factory 9243 | -6/Factory | Discovered new exit (range 16) 9699 | -6/Factory | Build established: Scout 10084 | -6/Factory | Discovered new exit (range 15) 10546 | -6/Factory | Discovered new exit (range 17) 10615 | -6/Factory | Discovered new exit (range 16) 10661 | -6/Factory | Identified exit to Lower Caves 10759 | -6/Factory | Identified exit to Factory 10759 | -6/Factory | Entered another Factory area 10759 | -5/Factory | Evolved 2 slots: Power x1, Utility x1 10854 | -5/Factory | Discovered new exit (range 14) 10908 | -5/Factory | Identified exit to Upper Caves 10911 | -5/Factory | Sucked down chute 10911 | -5/Factory | Entered Waste 10914 | -5/Waste | Spotted C-40 Crusher 10973 | -5/Waste | Spotted C-40 Crusher 11025 | -5/Waste | Spotted C-40 Crusher 11031 | -5/Waste | Spotted C-40 Crusher 11031 | -5/Waste | Spotted C-40 Crusher 11033 | -5/Waste | Spotted C-40 Crusher 11073 | -5/Waste | Destroyed C-40 Crusher 11077 | -5/Waste | Destroyed C-40 Crusher 11086 | -5/Waste | Crushed by Compactor (1 part destroyed, 2 dropped) 11096 | -5/Waste | Discovered new exit (range 14) 11102 | -5/Waste | Identified exit to Factory 11102 | -5/Waste | Entered Factory 11284 | -5/Factory | Spotted B-75 Beast 11375 | -5/Factory | Core integrity fell below 50% 11380 | -5/Factory | Released all parts (6) 11388 | -5/Factory | Lost 10 parts (2p5n2u1w) 11466 | -5/Factory | Allied Derelicts emerged from ambush trap array 11815 | -5/Factory | Cargo convoy interrupted 12051 | -5/Factory | System corruption reached 10% 12068 | -5/Factory | Core integrity fell below 20% 12072 | -5/Factory | Self-destructed Last Messages --------------- 12052_ P-70 Sage Tesla Rifle severed. 12053_ P-70 Sage resets P-70 Sage, system corruption cleaned. 12055_ System corrupted: Component data lost. 12057_ P-70 Sage Mic. Fission Core severed. 12058_ Lrn. Proton Cannon destroyed. 12063_ Imp. Propulsion Shielding destroyed. 12064_ Destroyed Unknown Hover Unit. 12066_ Neutrino Reactor explodes. 12066_ Lgt. Angular Momentum Engine destroyed. 12066_ Door malfunctions. 12066_ Mni. Drone Bay destroyed. 12066_ Door malfunctions. 12066_ Terminal disabled. 12069_ Adv. Sensor Array destroyed. 12070_ System corrupted: Adv. Trap Extractor fused. 12070_ U-05 Engineer repairs door. 12071_ Imp. Heat Sink destroyed. 12072_ U-05 Engineer lays Concrete. Map ----- +----------------------------------------------------+ | ?????????????????????????????????????????????????? | | ?????????????????????????????????????????????????? | | ?????????????????????????????????????????????????? | | ?????????????????????????????????????????????????? | | ?????????????????????????????????????????????????? | | ?????????????????????????????????????????????????? | | ?????????????????????????????????????????????????? | | ?????????????????????????????????????????????????? | | ?????????????????????????????????????????????????? | | ?????????????????????????????????????????????????? | | ?????????????????????????????????????????????????? | | ?????????????????????????????????????????????????? | | ?????????????????????????????????????????????????? | | ?????????????????????????????????????????????????? | | ?????????????????????????????????????????????????? | | ?????????????????????????????????????????????????? | | ?????????????????????????????????????????????????? | | ?????????????????????????????????????????????????? | | ?????????????????????????????????????????????????? | | ???????????????????????##########????????????????? | | ???????????????????????# ##+?????#????????? | | ???????????????????????# ""## #??? #????????? | | ???????????????????????# "## #??? #????????? | | ???????????????????????#! "## #### #????????? | | ???????????????????????# T## #????????? | | ???????????????????????#p@ "## #????????? | | ???????????????????????#p "## ##???????? | | ???????????????????????# "## #???????? | | ???????????????????????#/ ## #???????? | | ???????????????????????#####/##u## #???????? | | ???????????????????????????# #???????? | | ???????????????????????????##### #???????? | | ???????????????????????????????# ##??????? | | ???????????????????????????????# +??? | | ???????????????????????????????# ##########??? | | ???????????????????????????????# # #??? | | ???????????????????????????##### # #??? | | ?????????????????????? ???? # # ! ** #??? | | ?????????????????????# """" # ^ # #??? | | ?????????????????????# """" # # #??? | | ?????????????????????# ! """" # # """ #??? | | ?????????????????????# """" # # """ #??? | | ?????????????????????# # # """ #??? | | ?????????????????????# [ + + #? ? | | ?????????????????????# # ###########/? | | ???????????????????############# ## # # | | ???????????????????#! / [ ! # ## """ + | | ???????????????????# # ## """ !# # | | ???????????????????# # ## """ # # | | ???????????????????# """ " "" # ## !# # | +----------------------------------------------------+ Best States ------------- Heat Dissipation 81 Energy Generation 44 Energy Capacity 760 Matter Stores 300 Matter Capacity 300 Sight Range 20 Robot Scan Range 16 Terrain Scan Range 20 Terrain Scan Density 210 Cloak Strength 5 Power Amplification 20 Additional Mass Support 12 Base Temperature (-) 150 Armor Coverage 375 Propulsion Shielding 66 Evasion (%) 66 Targeting Accuracy 8 Melee Accuracy 5 Recoil Reduction 3 Kinecelleration 30 Offensive Hacking 20 Trap Extractor Capacity 8 Item Schematics ----------------- None Robot Schematics ------------------ None Fabricated ------------ Nothing Alien Tech Used ----------------- None Achievements -------------- Below Slippery One Challenges ------------ None Game ------ Seed ChromaticEnergyLeg Manual? 0 Play Time 02:54:57 Cumulative 36.9 hours Start 2024.04.21 @ 17:46:43 End 2024.04.21 @ 23:03:39 Sessions 3 Manual Loads 0 Difficulty Rogue Special Mode None Game No. 23 Rogue 23 Adventurer 0 Explorer 0 Win Type - Total 0 Types 0/0/0/0/0/0/0/0/0 Lore% 22 Gallery% 29 Achievement% 22 Wizard Run 0 Options --------- Layout 1 ASCII 0 Keyboard 0 Movement Mouse Keybinds 0 Fullscreen 1 Font 48/Smallcaps Map View 50x35 Zoom Use 0% Tactical HUD 1 Map Filters NONE Filters NONE Steam 1 RUN: 8458f770-ffe8-4e06-bbda-569932f08921